Map: Hardwire LE

Players

LiquidClem (Clem)

  • Race: Terran Terran

Dream - Winner!

  • Race: Terran Terran

Event: TSL 8

VOD

Have the link to the VOD?

Description

Time

  • Played on: Nov. 28, 2021, 9:08 a.m.
  • Length: 10:03

All games in this series

Show
View Real Time Build Order
Export as new Build Order

LiquidClem Terran 

Build Orders:  

Get SALT Encoding   

  12  0:00  SCV  
  13  0:12  SCV  
  14  0:17  Supply Depot  
  14  0:24  SCV  
  15  0:38  SCV  
  15  0:39  Barracks  
  16  0:42  Refinery  
  16  0:50  SCV  
  16  0:52  Refinery  
  17  1:03  SCV  
  18  1:15  SCV  
  19  1:27  Supply Depot, Reaper, Orbital Command  
  20  1:42  Factory  
  20  1:53  SCV  
  21  2:00  Reaper  
  22  2:05  SCV  
  23  2:15  Command Center  
  23  2:18  SCV  
  24  2:26  Hellion  
  26  2:30  SCV  
  26  2:32  Barracks Reactor  
  26  2:35  Supply Depot  
  27  2:42  Starport  
  27  2:45  SCV  
  27  2:49  Widow Mine  
  30  2:57  SCV  
  31  3:08  Marine x2  
  31  3:09  SCV  
  31  3:12  Factory Tech Lab  
  34  3:17  Refinery  
  34  3:18  Starport Tech Lab  
  34  3:21  Medivac, SCV  
  34  3:26  Marine x2  
  39  3:30  Orbital Command  
  39  3:33  SCV  
  40  3:39  Cyclone  
  43  3:46  SCV, Marine x2  
  46  3:51  Supply Depot  
  46  3:54  Starport Tech Lab  
  46  3:56  SCV  
  46  3:59  SCV  
  48  4:06  Marine x2  
  50  4:11  Supply Depot  
  50  4:15  Siege Tank  
  50  4:16  Raven  
  55  4:18  SCV  
  52  4:24  Marine  
  52  4:31  SCV  
  45  4:35  Marine  
  44  4:42  Marine  
  44  4:43  SCV, Orbital Command  
  46  4:47  Supply Depot  
  45  4:55  SCV  
  45  4:59  Raven  
  46  5:07  SCV  
  46  5:11  Siege Tank  
  46  5:12  SCV  
  51  5:14  Marine  
  51  5:19  SCV  
  53  5:23  Supply Depot  
  53  5:24  SCV  
  54  5:31  SCV  
  54  5:32  Marine  
  56  5:36  Supply Depot  
  53  5:46  SCV  
  53  5:47  Orbital Command  
  53  5:50  Raven, Marine  
  55  5:58  SCV  
  56  6:07  Command Center, Marine  
  56  6:10  SCV, Siege Tank  
  61  6:13  SCV  
  62  6:19  Supply Depot  
  62  6:23  SCV  
  62  6:25  SCV  
  64  6:27  Barracks Reactor  
  64  6:33  Viking  
  64  6:35  SCV  
  64  6:37  SCV  
  68  6:40  Refinery  
  68  6:43  Siege Tank  
  68  6:46  Supply Depot  
  71  6:47  SCV  
  71  6:49  SCV  
  72  6:59  SCV  
  72  7:01  SCV  
  72  7:04  Supply Depot  
  71  7:11  SCV, Barracks x2  
  71  7:13  SCV  
  71  7:15  Viking x2  
  75  7:18  Siege Tank  
  80  7:23  SCV  
  80  7:25  SCV, Marine  
  80  7:29  Supply Depot, Stimpack  
  83  7:35  SCV  
  83  7:36  Supply Depot  
  84  7:37  SCV  
  84  7:42  Engineering Bay  
  85  7:44  Engineering Bay  
  85  7:46  Marine  
  85  7:47  SCV  
  85  7:49  SCV, Viking  
  90  7:55  Viking  
  93  8:03  Barracks Reactor x2  
  91  8:05  Orbital Command  
  91  8:06  Siege Tank  
  91  8:07  SCV x2  
  91  8:09  Marine  
  97  8:15  Supply Depot  
  97  8:19  SCV x2  
  99  8:27  Marine  
  99  8:31  SCV x2  
  99  8:39  SCV, Marine  
  79  8:44  Siege Tank, Marine x2  
  79  8:45  SCV, Marine x2  
  79  8:46  Viking  
  78  8:50  SCV  
  78  8:51  SCV, Refinery  
  78  8:53  Refinery  
  78  8:54  Viking  
  81  8:57  Marine  
  81  8:59  SCV  
  81  9:02  Marine  
  84  9:05  Barracks  
  84  9:07  Marine x2, Barracks  
  86  9:16  Siege Tank  
  89  9:17  Marine x2  
  89  9:20  SCV x2, Marine  
  91  9:25  Marine x2  
  91  9:27  SCV  
  91  9:35  SCV, Marine x2  
  91  9:37  Marine  
  72  9:39  SCV  
  59  9:43  Marine x2  
Show
View Real Time Build Order
Export as new Build Order

Dream Terran - Winner!

Build Orders:  

Get SALT Encoding   

  12  0:00  SCV  
  13  0:12  SCV  
  14  0:16  Supply Depot  
  14  0:24  SCV  
  15  0:38  SCV  
  15  0:39  Barracks  
  16  0:42  Refinery  
  16  0:50  SCV  
  16  0:53  Refinery  
  17  1:02  SCV  
  18  1:14  SCV  
  19  1:26  Reaper, Orbital Command  
  19  1:31  Supply Depot  
  20  1:40  Factory  
  20  1:52  SCV  
  21  1:58  Reaper  
  22  2:04  SCV  
  23  2:16  SCV  
  23  2:18  Command Center  
  24  2:24  Hellion  
  24  2:28  SCV  
  27  2:31  Barracks Reactor  
  27  2:37  Starport  
  27  2:40  SCV  
  28  2:46  Supply Depot  
  28  2:48  Factory Tech Lab  
  28  2:52  SCV  
  29  3:05  SCV  
  30  3:08  Siege Tank, Marine x2  
  35  3:17  SCV, Medivac  
  38  3:20  Refinery  
  38  3:26  Marine  
  39  3:29  Marine  
  39  3:32  Orbital Command  
  40  3:37  SCV  
  41  3:43  Cyclone  
  41  3:47  Supply Depot  
  44  3:50  Starport Tech Lab  
  44  3:51  SCV  
  44  3:54  Marine  
  46  3:56  Marine  
  46  3:59  SCV  
  48  4:08  SCV  
  49  4:11  Raven  
  49  4:12  Marine  
  49  4:14  Marine  
  50  4:26  SCV x2  
  50  4:28  Siege Tank  
  50  4:30  Marine  
  54  4:37  Marine  
  52  4:43  Supply Depot  
  52  4:44  SCV  
  53  4:48  Marine  
  54  4:52  Orbital Command  
  54  4:54  Marine  
  53  5:04  SCV  
  53  5:05  Marine  
  55  5:12  Marine  
  55  5:13  Supply Depot  
  56  5:17  Raven  
  58  5:21  SCV x2  
  58  5:23  Marine  
  61  5:30  Marine  
  61  5:33  SCV  
  61  5:34  SCV  
  64  5:39  Siege Tank  
  64  5:41  Marine  
  68  5:46  SCV x2  
  67  5:50  Command Center  
  67  5:53  Marine  
  68  5:59  SCV x2  
  68  6:00  Supply Depot  
  68  6:02  Refinery  
  68  6:03  Raven  
  72  6:08  Supply Depot  
  72  6:09  Supply Depot, Marine  
  74  6:11  SCV x2, Marine  
  74  6:17  Supply Depot  
  76  6:22  Siege Tank  
  76  6:24  Barracks  
  76  6:25  SCV x2  
  81  6:27  Marine  
  81  6:29  Marine  
  83  6:37  SCV x2  
  83  6:38  Barracks  
  85  6:41  Engineering Bay  
  85  6:42  Supply Depot, Engineering Bay  
  85  6:49  SCV x2  
  87  6:59  Marine  
  86  7:02  SCV x2  
  86  7:03  Orbital Command  
  86  7:04  Viking x2  
  86  7:05  Stimpack  
  87  7:09  Siege Tank  
  87  7:13  Terran Infantry Weapons Level 1  
  87  7:14  Terran Infantry Armor Level 1  
  90  7:17  SCV  
  90  7:18  Barracks Reactor  
  90  7:21  Marine  
  90  7:22  SCV  
  93  7:23  Orbital Command  
  93  7:27  Barracks Reactor  
  93  7:31  SCV  
  93  7:34  SCV  
  95  7:39  Marine  
  95  7:41  Viking  
  95  7:42  Supply Depot  
  95  7:43  SCV  
  99  7:46  SCV  
  99  7:47  Refinery  
  99  7:49  Refinery  
  99  7:50  Viking  
  102  7:55  SCV x2  
  104  8:01  Marine x3  
  104  8:02  Siege Tank  
  110  8:06  SCV  
  110  8:07  SCV x2  
  110  8:11  Marine x2  
  115  8:15  Viking  
  115  8:18  Marine  
  115  8:19  SCV x2  
  120  8:20  Viking  
  113  8:33  Marine x4  
  103  8:37  SCV x3  
  103  8:38  Marine  
  92  8:49  SCV x3  
  92  8:50  Marine  
  92  8:51  Marine x3  
  99  8:57  Siege Tank  
  99  9:01  SCV x3  
  105  9:03  Medivac  
  105  9:06  Viking  
  105  9:09  Marine  
  110  9:10  Marine  
  110  9:13  SCV x3  
  112  9:24  Marine x2  
  112  9:25  SCV  
  112  9:26  SCV x2  
  112  9:29  Siege Tank  
  120  9:35  Marine  
  120  9:37  SCV, Marine  
  118  9:38  SCV  
  118  9:39  SCV  
  117  9:49  SCV  
  117  9:50  SCV  
Tags
 
Event
TSL 8
Matchup
TvT
Player
ClemDream
Race
Terran
Add a new tag
Caveats
  • Supply blocks, unpowered buildings, or Contaminate may cause inaccurate times.
  • Supply counts are checked every 10 seconds.